 Dungeon Crawl Stone Soup version 0.19.5 (webtiles) character file.

87 vatarom the Gusty (level 4, 0/24 HPs)
             Began as a Tengu Air Elementalist on Mar 10, 2017.
             Was an Initiate of Sif Muna.
             Succumbed to an adder's poison
             ... on level 3 of the Dungeon.
             The game lasted 00:04:34 (2086 turns).

vatarom the Gusty (Tengu Air Elementalist)          Turns: 2086, Time: 00:04:34

Health: 0/24       AC:  2    Str:  8    XL:     4   Next: 51%
Magic:  4/9        EV: 12    Int: 17    God:    Sif Muna [......]
Gold:   25         SH:  0    Dex: 14    Spells: 4 memorised, 0 levels left

rFire  . . .     SeeInvis .     g - +0 short sword
rCold  . . .     Gourm    .     a - +0 robe
rNeg   . . .     Faith    .     (no shield)
rPois  .         Spirit   .     (helmet restricted)
rElec  .         Reflect  .     (no cloak)
rCorr  .         Harm     .     (no gloves)
MR     .....                    (boots unavailable)
Stlth  ++........               (no amulet)
                                (no ring)
                                (no ring)

@: lethally poisoned (0 -> -1), very slightly contaminated
A: beak, talons 3
a: Renounce Religion


You were on level 3 of the Dungeon.
You worshipped Sif Muna.
Sif Muna was noncommittal.
You were not hungry.

You visited 1 branch of the dungeon, and saw 4 of its levels.

You collected 25 gold pieces.

Inventory:

Hand Weapons
 g - a +0 short sword (weapon)
Armour
 a - a +0 robe (worn)
Scrolls
 e - a scroll of immolation
 f - a scroll of recharging
Books
 b - a book of Air

   Spells                             Type                      Level
   a - Shock                          Conjuration/Air              1
   b - Swiftness                      Charms/Air                   2
   c - Repel Missiles                 Charms/Air                   2
   d - Static Discharge               Conjuration/Air              3
   e - Lightning Bolt                 Conjuration/Air              5
Comestibles
 c - 2 bread rations
 h - a royal jelly


   Skills:
 - Level 2.1 Dodging
 - Level 2.0 Stealth
 + Level 2.9 Spellcasting
 - Level 1.3 Conjurations
 - Level 6.0 Air Magic


You couldn't memorise any spells.
You knew the following spells:

 Your Spells              Type           Power        Failure   Level  Hunger
a - Shock                 Conj/Air       ###.         4%          1    None
b - Repel Missiles        Chrm/Air       ##....       10%         2    ##.....
c - Swiftness             Chrm/Air       ##......     10%         2    ##.....
d - Static Discharge      Conj/Air       ###.....     14%         3    ###....


Dungeon Overview and Level Annotations

Branches:
Dungeon (4/15)
 Temple: D:4-7

Altars:
Fedhas
Sif Muna
The Shining One

Annotations:
D:4 Dowan, Duvessa


Innate Abilities, Weirdness & Mutations

You have a beak for a mouth.
You have claws for feet.


Message History

You feel sick.
Found a shield.
Found a stone staircase leading down.
You hit the orc.
The orc is heavily wounded.
The orc hits you with a short sword.
An orc priest comes into view. It is wielding a dagger.
The orc priest shouts!
You hit the orc.
You kill the orc!
Sif Muna accepts your kill.
The orc priest moves out of view.
An orc wizard comes into view. It is wielding a dagger.
You feel sick.
An orc comes into view. It is wielding a flail.
The orc priest invokes the aid of Beogh against you.
Pain shoots through your body!
Ouch! That really hurt!
* * * LOW HITPOINT WARNING * * *
The orc wizard shouts!
You die...

#+######################
#......@................
#..######.#........#####
.[######.#.####...#
.>.....).).†#.....#
......(.....#.....#
###...............#
..o.o######.>.#...#
###.. .........# #.
#......#..#


There were no monsters in sight!

Vanquished Creatures
  Terence (D:2)
  2 adders
  A worm (D:2)
  3 dart slugs (D:1)
  2 leopard geckos
  An orc (D:3)
  4 bats
  A giant cockroach (D:3)
  3 goblins
  2 hobgoblins (D:1)
  A quokka (D:2)
  6 frilled lizards
  3 kobolds
  7 rats
37 creatures vanquished.

Notes
Turn   | Place    | Note
-------+----------+-------------------------------------------
     0 | D:1      | vatarom the Tengu Air Elementalist began the quest for the Orb.
     0 | D:1      | Reached XP level 1. HP: 10/10 MP: 4/4
   209 | D:1      | Reached XP level 2. HP: 6/15 MP: 1/6
   373 | D:1      | Reached skill level 5 in Air Magic
   815 | D:1      | Learned a level 2 spell: Repel Missiles
   818 | D:1      | Learned a level 2 spell: Swiftness
   819 | D:1      | Reached XP level 3. HP: 19/19 MP: 5/7
  1218 | D:2      | Found a deep blue altar of Sif Muna.
  1221 | D:2      | Found a blossoming altar of Fedhas.
  1231 | D:2      | Became a worshipper of Sif Muna the Loreminder
  1347 | D:2      | Reached skill level 6 in Air Magic
  1359 | D:2      | Noticed Terence
  1376 | D:2      | Killed Terence
  1376 | D:2      | Reached XP level 4. HP: 17/24 MP: 0/8
  1668 | D:2      | You fall through a shaft for 2 floors!
  1675 | D:4      | Found a glowing golden altar of the Shining One.
  1678 | D:4      | Noticed Duvessa
  1678 | D:4      | Noticed Dowan
  2009 | D:3      | Learned a level 3 spell: Static Discharge
  2083 | D:3      | HP: 1/24 [orc priest/nerve-wracking pain (12)]
  2086 | D:3      | Succumbed to an adder's poison

Skill      XL: |  1  2  3 |
---------------+----------+-----
Air Magic      | 5 6 |  6.0
Dodging        | |  2.1
Stealth        | |  2.0
Spellcasting   | |  2.9
Conjurations   | |  1.3

Action                   |  1- 3 |  4- 6 || total
-------------------------+-------+-------++-------
Melee: Unarmed           |     4 |       ||     4
       Peck              |     5 |       ||     5
       Short sword       |    28 |     7 ||    35
       Kick              |     4 |       ||     4
 Cast: Shock             |    45 |    10 ||    55
  Use: Potion            |     3 |       ||     3
       Scroll            |     1 |     2 ||     3
 Stab: Sleeping          |     3 |       ||     3
  Eat: Chunk             |     2 |     1 ||     3
       Bread ration      |       |     1 ||     1
Armor: Robe              |     6 |       ||     6
Dodge: Dodged            |    19 |     8 ||    27
